 Dungeon Crawl Stone Soup version 0.17-a0-1403-g9df874c (console) character file.

12115 Fusha the Covert (level 11, -1/47 HPs)
             Began as a Spriggan Conjurer on June 17, 2015.
             Was a Believer of Sif Muna.
             Slain by a spiny frog (18 damage)
             ... on level 1 of the Lair of Beasts on June 20, 2015.
             The game lasted 01:36:56 (16900 turns).

Fusha the Covert (Spriggan Conjurer)               Turns: 16900, Time: 01:36:56

Health: -1/47      AC:  7    Str:  4    XL:     11   Next: 58%
Magic:  33/33      EV: 28    Int: 29    God:    Sif Muna [**....]
Gold:   208        SH:  0    Dex: 16    Spells: 8 memorised, 5 levels left

rFire  . . .     SeeInvis +     x - +3 dagger (venom)
rCold  . . .     Clarity  .     U - +2 robe "Fywnaike" {rN+}
rNeg   + + .     SustAt   .     (shield restricted)
rPois  .         Gourm    .     (helmet restricted)
rElec  +         Spirit   .     T - +2 cloak {+Inv}
rCorr  .         Warding  +     (gloves unavailable)
rMut   .         Stasis   .     (boots unavailable)
MR     +....                    G - macabre finger necklace {Ward rN+}
Stlth  +++++++...               l - +3 ring of intelligence
                                R - ring of Moodiness {rElec MP+9 Int+2}
                                I - +3 ring of intelligence

@: lethally poisoned (-1 -> -8), very quick, somewhat resistant to hostile
enchantments, extremely stealthy
A: unfitting armour, see invisible, herbivore 3, speed 3, slow metabolism 2
a: Channel Energy, Forget Spell, Renounce Religion, Evoke Invisibility


You were on level 1 of the Lair of Beasts.
You worshipped Sif Muna.
Sif Muna was pleased with you.
You were full.

You visited 2 branches of the dungeon, and saw 13 of its levels.

You collected 632 gold pieces.
You spent 424 gold pieces at shops.

Inventory:

Hand weapons
 v - a +1 dagger of flaming
 w - a +0 blowgun
 x - a +3 dagger of venom (weapon)
 A - a +3 dagger of electrocution
Missiles
 t - 2 throwing nets (quivered)
 y - 27 poisoned needles
Armour
 a - a +0 robe
 H - a +2 cloak
 T - a +2 cloak of invisibility (worn)
 U - the +2 robe "Fywnaike" (worn) {rN+}
   (You bought it in a shop on level 8 of the Dungeon)

   It protects you from negative energy.
 W - a +0 robe
Jewellery
 d - an uncursed ring of invisibility
 l - a +3 ring of intelligence (right hand)
 G - the macabre finger necklace (around neck) {Ward rN+}
   (You found it on level 6 of the Dungeon)

   [amulet of warding]

   It may prevent the melee attacks of summoned creatures.
   It protects you from negative energy.
 I - a +3 ring of intelligence (on amulet)
 M - an uncursed ring of flight
 Q - a +1 ring of slaying
 R - the ring of Moodiness (left hand) {rElec MP+9 Int+2}
   (You found it on level 9 of the Dungeon)

   [ring of magical power]

   It affects your intelligence (+2).
   It insulates you from electricity.
   It affects your magic capacity (+9).
Magical devices
 g - a wand of slowing (38)
 s - a wand of draining (0)
 B - a wand of fire (0)
 F - a wand of fireball (9)
 K - a wand of random effects (8)
 L - a wand of disintegration (17)
 V - a wand of flame (16)
 X - a wand of paralysis (2)
Scrolls
 f - 7 scrolls of remove curse
 h - 2 scrolls of enchant armour
 i - 2 scrolls of noise {unknown}
 k - 12 scrolls of teleportation
 n - 2 scrolls of amnesia {unknown}
 p - a scroll of fog
 r - 4 scrolls of fear
 z - a scroll of recharging
 D - a scroll of magic mapping
 N - 2 scrolls of enchant weapon
 O - a scroll of immolation
 P - a scroll of summoning
 S - a scroll of silence {unknown}
Potions
 e - a potion of heal wounds
 j - a potion of magic
 m - 2 potions of mutation
 o - 3 potions of flight
 q - a potion of agility {unknown}
Books
 b - a book of Conjurations

   Spells                             Type                      Level
   a - Magic Dart                     Conjuration                  1
   b - Searing Ray                    Conjuration                  2
   c - Dazzling Spray                 Conjuration/Hexes            3
   d - Fulminant Prism                Conjuration/Hexes            4
   e - Iskenderun's Mystic Blast      Conjuration                  4
   f - Iskenderun's Battlesphere      Conjuration/Charms           5
 C - a Young Poisoner's Handbook

   Spells                             Type                      Level
   a - Sting                          Conjuration/Poison           1
   b - Cure Poison                    Poison                       2
   c - Mephitic Cloud                 Conjuration/Poison/Air       3
   d - Olgreb's Toxic Radiance        Poison                       4
   e - Venom Bolt                     Conjuration/Poison           5
 E - a book of Spatial Translocations

   Spells                             Type                      Level
   a - Apportation                    Translocation                1
   b - Blink                          Translocation                2
   c - Shroud of Golubria             Charms/Translocation         2
   d - Portal Projectile              Translocation                3
   e - Teleport Other                 Translocation                3
   f - Passage of Golubria            Translocation                4
 J - a book of Summonings

   Spells                             Type                      Level
   a - Recall                         Summoning/Translocation      3
   b - Aura of Abjuration             Summoning                    5
   c - Shadow Creatures               Summoning                    5
   d - Summon Demon                   Summoning                    5
   e - Summon Forest                  Summoning/Translocation      5
   f - Summon Mana Viper              Hexes/Summoning              5
Comestibles
 c - 7 bread rations


   Skills:
 + Level 6.7 Short Blades
 * Level 13.3 Dodging
 * Level 13.9 Stealth
 - Level 8.1 Spellcasting
 + Level 6.0 Conjurations
 * Level 9.2 Evocations


You had 5 spell levels left.
You knew the following spells:

 Your Spells              Type           Power        Failure   Level  Hunger
a - Magic Dart            Conj           ####         1%          1    None
b - Searing Ray           Conj           #####.       1%          2    None
c - Dazzling Spray        Conj/Hex       ####....     4%          3    None
d - Iskenderun's Mystic   Conj           #####...     4%          4    #......
e - Mephitic Cloud        Conj/Pois/Air  ###.....     8%          3    None
f - Fulminant Prism       Conj/Hex       ####......   14%         4    #......
g - Blink                 Tloc           N/A          10%         2    None
h - Shroud of Golubria    Chrm/Tloc      ##........   10%         2    None


Dungeon Overview and Level Annotations

Branches:
Dungeon (12/15)            Temple (0/1) D:6            Lair (1/8) D:9
    Orc (0/4) D:11

Altars:
Ashenzari
Elyvilon
Fedhas
Kikubaaqudgha
Okawaru
Qazlal
Ru
Sif Muna
Yredelemnul
Zin
The Shining One

Shops:
D:6 ?   D:8 [


Innate Abilities, Weirdness & Mutations

You are tiny and cannot use many weapons and most armour.
You have supernaturally acute eyesight.
You are a herbivore.
You cover ground extremely quickly.
You need consume almost no food.


Message History

You feel sick. The spiny frog completely misses you.
You closely miss the spiny frog.
The spiny frog is heavily wounded.
You feel sick. The spiny frog closely misses you.
You hit the spiny frog.
The spiny frog is severely wounded.
The spiny frog completely misses you.
You barely miss the spiny frog.
The spiny frog is severely wounded.
You feel sick. The spiny frog completely misses you.
You barely miss the spiny frog.
The spiny frog is severely wounded.
You feel sick.
You hit the spiny frog.
The spiny frog is almost dead.
The spiny frog closely misses you.
You barely miss the spiny frog.
The spiny frog is almost dead.
You feel sick. The spiny frog stings you!!
You die...

≈≈.≈≈≈≈.######.#
≈≈≈≈≈≈†..##.##'#####
≈≈≈≈≈≈†.##.........#
≈≈≈≈≈.≈.##..#..#.P.#
..≈...#......#.#...## .
.####....#.#.#.###.P#
#..
...'...###.......#.##..+
#..##.####..##.###.+..#
....### #......F@(..#
##### #########+### #.##
#..# #..# ####.## ##. .
#.#..#..... . ###......#
##..##....#####


You could see a spiny frog.

Vanquished Creatures
  2 hill giants
  A manticore (D:12)
  A queen bee (Lair:1)
  The ghost of Borgoz the Shield-Bearer, an average MiFi of the Shining One (D:5)
  A spriggan (D:8)
  2 wyverns (D:9)
  3 deep elf magi
  A wraith (D:10)
  A hungry ghost (D:6)
  13 yaks
  A mottled dragon (D:11)
  Menkaure (D:5)
  A water moccasin (Lair:1)
  3 hippogriffs
  2 orc warriors
  3 porcupines (Lair:1)
  A black bear (Lair:1)
  3 sky beasts
  4 ice beasts
  A necrophage (D:9)
  4 centaurs (D:6)
  4 ogres
  3 phantoms
  3 crocodiles
  2 big kobolds
  2 giant frogs
  2 scorpions
  A wyvern skeleton (D:11)
  22 killer bees (Lair:1)
  2 giant frog zombies
  3 crimson imps
  3 jellies
  5 centaur skeletons
  10 orc priests
  Ijyb (D:2)
  5 hounds
  A giant frog skeleton (D:6)
  Terence (D:2)
  Natasha (thrice) (D:4)
  11 orc wizards
  11 sheep (Lair:1)
  5 worker ants
  A killer bee zombie (D:10)
  Robin (D:3)
  2 worker ant zombies
  14 adders
  8 gnolls
  4 shadow imps
  3 oozes
  2 adder skeletons (D:5)
  3 worms
  4 giant geckos
  43 orcs
  18 bats
  A bat zombie (D:5)
  4 giant cockroaches
  15 hobgoblins
  10 jackals
  4 quokkas
  2 ball pythons
  A giant gecko skeleton (D:4)
  5 giant newts
  19 goblins
  19 kobolds
  A quokka skeleton (D:9)
  13 rats
347 creatures vanquished.

Vanquished Creatures (others)
  3 fulminant prisms
  A plant (Lair:1)
4 creatures vanquished.

Grand Total: 351 creatures vanquished

Notes
Turn   | Place    | Note
--------------------------------------------------------------
     0 | D:1      | Fusha the Spriggan Conjurer began the quest for the Orb.
     0 | D:1      | Reached XP level 1. HP: 9/9 MP: 5/5
   274 | D:1      | Reached XP level 2. HP: 13/13 MP: 0/6
   278 | D:1      | Learned a level 2 spell: Searing Ray
   495 | D:1      | Reached skill level 4 in Dodging
   908 | D:2      | Reached XP level 3. HP: 16/16 MP: 6/8
   913 | D:2      | Learned a level 3 spell: Dazzling Spray
  1172 | D:2      | Noticed Ijyb
  1184 | D:2      | Killed Ijyb
  1184 | D:2      | Reached skill level 1 in Short Blades
  1184 | D:2      | Reached XP level 4. HP: 13/21 MP: 2/9
  1263 | D:2      | Found a sacrificial altar of Ru.
  1371 | D:2      | Noticed Terence
  1377 | D:2      | Killed Terence
  1377 | D:2      | Reached skill level 5 in Dodging
  1425 | D:2      | Found a deep blue altar of Sif Muna.
  1431 | D:2      | Became a worshipper of Sif Muna the Loreminder
  1570 | D:2      | Found an iron altar of Okawaru.
  2154 | D:2      | Reached XP level 5. HP: 10/24 MP: 5/11
  2706 | D:2      | Reached skill level 5 in Stealth
  3033 | D:3      | Noticed Robin
  3069 | D:3      | Reached skill level 6 in Dodging
  3220 | D:3      | Killed Robin
  3464 | D:3      | Reached XP level 6. HP: 16/28 MP: 5/13
  4435 | D:4      | Learned a level 4 spell: Iskenderun's Mystic Blast
  4658 | D:4      | Found a white marble altar of Elyvilon.
  4712 | D:4      | Reached XP level 7. HP: 24/32 MP: 7/15
  4829 | D:4      | Reached skill level 5 in Spellcasting
  5099 | D:4      | Reached skill level 7 in Dodging
  5165 | D:4      | Noticed Natasha
  5172 | D:4      | Killed Natasha
  5778 | D:4      | Found a white marble altar of Elyvilon.
  5857 | D:4      | Noticed Natasha
  5860 | D:4      | Killed Natasha
  6005 | D:4      | Noticed Natasha
  6009 | D:4      | Killed Natasha
  6031 | D:5      | Entered Level 5 of the Dungeon
  6205 | D:5      | Noticed Borgoz's ghost (average MiFi)
  7431 | D:5      | Found a shattered altar of Ashenzari.
  7744 | D:5      | Learned a level 3 spell: Mephitic Cloud
  7749 | D:5      | Learned a level 4 spell: Fulminant Prism
  7761 | D:5      | Noticed a deep elf mage
  7773 | D:5      | Killed a deep elf mage
  7773 | D:5      | Reached XP level 8. HP: 36/36 MP: 5/17
  7783 | D:5      | Reached skill level 8 in Dodging
  8433 | D:5      | Noticed Menkaure
  8439 | D:5      | Found a stormy altar of Qazlal.
  8443 | D:5      | Killed Menkaure
  8514 | D:5      | Found a blossoming altar of Fedhas.
  8640 | D:5      | Killed Borgoz's ghost
  8640 | D:5      | Acquired Sif Muna's first power
  8640 | D:5      | Reached skill level 9 in Dodging
  8660 | D:5      | Upgraded the game from 0.17-a0-1397-g0eee0a3 to 0.17-a0-1399-gd5b76e1
  8765 | D:6      | Found Jearph's Magic Scroll Emporium.
  8992 | D:6      | Reached skill level 1 in Evocations
  9032 | D:6      | Bought a scroll of fear for 38 gold pieces
  9032 | D:6      | Bought a scroll of teleportation for 33 gold pieces
  9032 | D:6      | Bought a scroll of enchant armour for 82 gold pieces
  9032 | D:6      | Bought a scroll of identify for 22 gold pieces
  9036 | D:6      | Bought a scroll of identify for 22 gold pieces
  9036 | D:6      | Bought a scroll of identify for 22 gold pieces
  9036 | D:6      | Bought a scroll of identify for 22 gold pieces
  9044 | D:6      | Found a staircase to the Ecumenical Temple.
  9137 | D:6      | Learned a level 2 spell: Blink
  9140 | D:6      | Learned a level 2 spell: Shroud of Golubria
  9546 | D:6      | Reached XP level 9. HP: 39/39 MP: 3/20
 10238 | D:6      | Found an ancient bone altar of Kikubaaqudgha.
 10281 | D:6      | Found a glowing golden altar of the Shining One.
 10914 | D:7      | Reached skill level 10 in Stealth
 11082 | D:7      | Reached skill level 10 in Dodging
 11953 | D:8      | You fall through a shaft for 3 floors!
 12328 | D:11     | Noticed an eight-headed hydra
 12541 | D:11     | Reached skill level 11 in Stealth
 12572 | D:11     | Reached skill level 5 in Short Blades
 12633 | D:11     | Noticed a four-headed hydra
 12848 | D:10     | Entered Level 10 of the Dungeon
 12956 | D:10     | Reached skill level 5 in Evocations
 13058 | D:10     | Reached skill level 5 in Conjurations
 13058 | D:10     | Reached XP level 10. HP: 44/44 MP: 22/22
 13226 | D:10     | Acquired Sif Muna's second power
 13644 | D:9      | Found a staircase to the Lair.
 13681 | D:9      | Got a vibrating brass ring
 13683 | D:9      | Identified the ring of Moodiness {rElec MP+9 Int+2} (You found it on level 9 of the Dungeon)
 14134 | D:8      | Found Lapehoj's Antique Armour Shop.
 14141 | D:8      | Bought a glowing cloak for 81 gold pieces
 14141 | D:8      | Bought an ominously black robe for 102 gold pieces
 14163 | D:8      | Identified the +2 robe "Fywnaike" {rN+} (You bought it in a shop on level 8 of the Dungeon)
 14213 | D:8      | Upgraded the game from 0.17-a0-1399-gd5b76e1 to 0.17-a0-1403-g9df874c
 14237 | D:8      | Found a glowing silver altar of Zin.
 14403 | D:8      | Noticed a hill giant
 14412 | D:8      | Killed a hill giant
 14436 | D:8      | Reached skill level 12 in Stealth
 14751 | D:9      | Found a basalt altar of Yredelemnul.
 14834 | D:9      | Paralysed by a hobgoblin for 4 turns
 15596 | D:11     | Found a staircase to the Orcish Mines.
 15600 | D:11     | Noticed a centaur skeleton
 15603 | D:11     | Killed a centaur skeleton
 15606 | D:11     | Noticed a hill giant
 15628 | D:11     | Killed a hill giant
 15628 | D:11     | Reached XP level 11. HP: 45/47 MP: 24/24
 15861 | D:12     | Noticed a manticore
 15867 | D:12     | Noticed a centaur skeleton
 15868 | D:12     | Killed a manticore
 15868 | D:12     | Reached skill level 13 in Stealth
 15875 | D:12     | Killed a centaur skeleton
 15937 | D:12     | Noticed a white ugly thing
 16062 | Lair:1   | Entered Level 1 of the Lair of Beasts
 16900 | Lair:1   | Slain by a spiny frog

Vault maps used:
D:1:      dpeg_arrival_windows_large_door
D:2:      led_sif_pool, okawaru_ov_weapons_minmay, nicolae_ru_path_of_blood,
          uniq_terence, uniq_iyjb
D:3:      st_stairs_14, uniq_robin
D:4:      kennysheep_mini, first_bread, minmay_box_of_dots, uniq_natasha
D:5:      lemuel_doored_altar, nicolae_qazlal_general_emergency,
          evilmike_ruin_ashenzari, uniq_menkaure
D:6:      nicolae_whirlpool, lemuel_coloured_pillars_altar,
          nicolae_tso_swordbearing_angel, minmay_temple_entry_trees,
          serial_shops, shop, kennysheep_small_square
D:8:      zin_statuary, serial_shops, shop, the_bakery,
          minmay_misc_feat_diagonals
D:9:      yredelemnul_altar_generic, lair_0_dummy
D:11:     orc_0_dummy
D:12:     nicolae_wwwww
Lair:1:   infiniplex_staircase_pool_2, serial_bayou_shore_b

Action                   |  1- 3 |  4- 6 |  7- 9 | 10-12 || total
-------------------------+-------+-------+-------+-------++-------
Melee: Unarmed           |    29 |       |       |       ||    29
       Dagger            |    14 |    52 |   343 |   426 ||   835
Throw: Stone             |     1 |       |       |       ||     1
 Cast: Magic Dart        |    38 |   155 |    39 |       ||   232
       Searing Ray       |     2 |    16 |    12 |       ||    30
       Iskenderun's Myst |       |       |    26 |       ||    26
       Mephitic Cloud    |       |       |     8 |     8 ||    16
       Dazzling Spray    |       |       |     7 |       ||     7
       Fulminant Prism   |       |       |     3 |       ||     3
       Blink             |       |       |     2 |       ||     2
Invok: Channel Energy    |       |       |     1 |       ||     1
 Abil: Evoke Invisibilit |       |       |     1 |       ||     1
Evoke: Wand              |       |       |       |    16 ||    16
  Use: Potion            |       |     1 |       |     5 ||     6
       Scroll            |       |       |    11 |     5 ||    16
 Stab: Sleeping          |     7 |     4 |    23 |    32 ||    66
       Distracted        |       |     1 |     3 |       ||     4
       Confused          |       |       |     6 |     4 ||    10
       Invisible         |       |       |     2 |       ||     2
       Paralysed         |       |       |       |     2 ||     2
  Eat: Royal jelly       |       |     2 |       |       ||     2
       Bread ration      |       |       |     2 |     1 ||     3
